cohdb
Replays
Latest Replays
All Replays
Popular Replays
Top Player Replays
Match Explorer
How It Works
Community
CoH3 Stats
Reddit
Sign in to upload your games and track your stats! →
Sign in with Steam
Match 46778349
Unlisted
Match 46778349
Overview
Messages
Build Orders
End
Engineer Squad
Construct Barracks
Riflemen Squad
Riflemen Squad
Grenade Package
Riflemen Squad
Selects Advanced Infantry Battlegroup
Selects Convert to Ranger Squad
Infantry Support Center
Construct Weapon Support Center
Convert to Ranger Squad
M3 Armored Personnel Carrier
Selects Frontline Medical Station
M1919 Machine Gun Team
pp123p
Boneless
Carecup
nub
Ra11
[82AD] Janko
0
0
Comments
sign in to comment!
No comments posted yet!